TOP OF THE 1ST |
Atlanta Braves batting - Pitching for San Diego Padres : RHP Freddy Peralta
|
Pitching: RHP Freddy Peralta
|
|
Batting: SHB Tommy Edman
|
0-0: Foul Ball, location: 7LSF 0-1: Ball 1-1: Called Strike 1-2: Foul Ball, location: 2F 1-2: Foul Ball, location: 2F 1-2: Foul Ball, location: 7LMF 1-2: DOUBLE (Line Drive, 78M, EV 103.1 MPH)
|
Batting: SHB Bryan Reynolds
|
0-0: Called Strike 0-1: SINGLE (Line Drive, 9S, EV 103.1 MPH) Tommy Edman to third
|
Batting: LHB Corey Seager
|
0-0: Foul Ball, location: 7LMF 0-1: Ball 1-1: Ball 2-1: Ball 3-1: Base on Balls Bryan Reynolds to second
|
Batting: RHB Tyler O'Neill
|
0-0: Ball 1-0: Called Strike 1-1: Fielders Choice at 2nd, 5-4 (Groundball, 56, EV 77.5 MPH) Tommy Edman scores Bryan Reynolds to third
|
Batting: RHB Danny Jansen
|
0-0: Ball 1-0: Foul Ball, location: 2F 1-1: Foul Ball, location: 9LDF 1-2: Ball 2-2: Strikes out swinging
|
Batting: SHB Jeimer Candelario
|
0-0: Ball 1-0: Ball 2-0: Called Strike Tyler O'Neill steals 2nd base 2-1: Swinging Strike 2-2: Strikes out looking
|
Top of the 1st over - 1 run, 2 hits, 0 errors, 2 left on base; Atlanta 1 - San Diego 0 |
BOTTOM OF THE 1ST |
San Diego Padres batting - Pitching for Atlanta Braves : LHP Sean Manaea
|
Pitching: LHP Sean Manaea
|
|
Batting: LHB Luis Arraez
|
0-0: Ball 1-0: Called Strike 1-1: Swinging Strike 1-2: Ball 2-2: Ground out 5-3 (Groundball, 56, EV 86.9 MPH)
|
Batting: RHB Anthony Rendon
|
0-0: Ground out 5-3 (Groundball, 5, EV 87.5 MPH)
|
Batting: RHB Stuart Fairchild
|
0-0: Called Strike 0-1: Ball 1-1: Ball 2-1: Ground out 6-3 (Groundball, 6, EV 91.3 MPH)
|
Bottom of the 1st over - 0 runs, 0 hits, 0 errors, 0 left on base; Atlanta 1 - San Diego 0 |
TOP OF THE 2ND |
Atlanta Braves batting - Pitching for San Diego Padres : RHP Freddy Peralta
|
Batting: RHB Austin Nola
|
0-0: Foul Ball, location: 23F 0-1: Swinging Strike 0-2: Fly out, F7 (Line Drive, 7D, EV 91.3 MPH)
|
Batting: LHB Ji-man Choi
|
0-0: Ball 1-0: Called Strike 1-1: Called Strike 1-2: Foul Ball, location: 5F 1-2: Ball 2-2: Ball 3-2: Foul Ball, location: 2F 3-2: Fly out, F8 (Flyball, 8LD, EV 100.6 MPH)
|
Batting: LHB Kevin Kiermaier
|
0-0: SINGLE (Groundball, 4M, EV 96.3 MPH) (infield hit)
|
Batting: SHB Tommy Edman
|
0-0: Ball 1-0: Foul Ball, location: 2F 1-1: Called Strike 1-2: Ball 2-2: SINGLE (Groundball, 3D, EV 97.5 MPH) (infield hit) Kevin Kiermaier to second
|
Batting: SHB Bryan Reynolds
|
0-0: Called Strike 0-1: Called Strike 0-2: Ball 1-2: Strikes out swinging
|
Top of the 2nd over - 0 runs, 2 hits, 0 errors, 2 left on base; Atlanta 1 - San Diego 0 |
BOTTOM OF THE 2ND |
San Diego Padres batting - Pitching for Atlanta Braves : LHP Sean Manaea
|
Batting: RHB Harrison Bader
|
0-0: Ball 1-0: Ball 2-0: Fly out, F7 (Flyball, 78M, EV 86.3 MPH)
|
Batting: LHB Matt Carpenter
|
0-0: Ball 1-0: Called Strike 1-1: Ball 2-1: Swinging Strike 2-2: Fly out, F9 (Flyball, 9, EV 79.4 MPH)
|
Batting: RHB Santiago Espinal
|
0-0: SINGLE (Groundball, 13S, EV 64.4 MPH) (infield hit)
|
Batting: SHB Tyler Heineman
|
0-0: Ball 1-0: Ball 2-0: Ball 3-0: Called Strike 3-1: SINGLE (Groundball, 3D, EV 104.4 MPH) Santiago Espinal to second Runner from 2nd tries for 3rd, SAFE, no throw by RF
|
Batting: LHB Kolten Wong
|
0-0: SINGLE (Groundball, 4MD, EV 106.3 MPH) Santiago Espinal scores Tyler Heineman to second Runner from 2nd tries for 3rd, SAFE, no throw by CF
|
Batting: RHB Nico Hoerner
|
0-0: Fly out, F8 (Line Drive, 8LD, EV 96.9 MPH)
|
Bottom of the 2nd over - 1 run, 3 hits, 0 errors, 2 left on base; Atlanta 1 - San Diego 1 |
TOP OF THE 3RD |
Atlanta Braves batting - Pitching for San Diego Padres : RHP Freddy Peralta
|
Batting: LHB Corey Seager
|
0-0: Reached on error, E6 (Groundball, 56, EV 104.4 MPH)
|
Batting: RHB Tyler O'Neill
|
0-0: Called Strike 0-1: 2-RUN HOME RUN (Flyball, 7D, EV 100.6 MPH), Distance : 378 ft
|
Batting: RHB Danny Jansen
|
0-0: Called Strike 0-1: Fly out, F9 (Flyball, 9S, EV 94.4 MPH)
|
Batting: SHB Jeimer Candelario
|
0-0: Ball 1-0: Ground out U3 (Groundball, 34S, EV 88.8 MPH)
|
Batting: RHB Austin Nola
|
0-0: Ball 1-0: Foul Ball, location: 3SF 1-1: Called Strike 1-2: Strikes out swinging
|
Top of the 3rd over - 2 runs, 1 hit, 1 error, 0 left on base; Atlanta 3 - San Diego 1 |
BOTTOM OF THE 3RD |
San Diego Padres batting - Pitching for Atlanta Braves : LHP Sean Manaea
|
Batting: LHB Luis Arraez
|
0-0: Called Strike 0-1: Foul Ball, location: 5F 0-2: Ball 1-2: Ball 2-2: Ball 3-2: Foul Ball, location: 3F 3-2: Base on Balls
|
Batting: RHB Anthony Rendon
|
0-0: Ball 1-0: Fielders Choice at 2nd, 4-6 (Groundball, 34, EV 85.6 MPH)
|
Batting: RHB Stuart Fairchild
|
0-0: SINGLE (Groundball, 56D, EV 106.9 MPH) Anthony Rendon to second
|
Batting: RHB Harrison Bader
|
0-0: Called Strike 0-1: Foul Ball, location: 7LSF 0-2: Ball 1-2: Foul Ball, location: 2F 1-2: Foul Ball, location: 2F 1-2: Reached on error, E5 (Groundball, 56, EV 93.8 MPH) Anthony Rendon to third Stuart Fairchild to second
|
Batting: LHB Matt Carpenter
|
0-0: Ball 1-0: Foul Ball, location: 2F 1-1: Ball 2-1: Ball 3-1: Base on Balls Anthony Rendon scores Stuart Fairchild to third Harrison Bader to second
|
Batting: RHB Santiago Espinal
|
0-0: Ball 1-0: Ball 2-0: Reached on error, E6 (Groundball, 6, EV 110.0 MPH) Stuart Fairchild scores Harrison Bader to third Matt Carpenter to second
|
Batting: SHB Tyler Heineman
|
0-0: Ball 1-0: Ball 2-0: Foul Ball, location: 9LSF 2-1: Ball 3-1: Foul Ball, location: 9LMF 3-2: Base on Balls Harrison Bader scores Matt Carpenter to third Santiago Espinal to second
|
Batting: LHB Kolten Wong
|
0-0: Grounds into fielders choice 1-2 (Groundball, 15, EV 67.5 MPH) Santiago Espinal to third Tyler Heineman to second
|
Batting: RHB Nico Hoerner
|
0-0: Fielders Choice at 2nd, 6-4 (Groundball, 6, EV 83.8 MPH)
|
Bottom of the 3rd over - 3 runs, 1 hit, 2 errors, 3 left on base; Atlanta 3 - San Diego 4 |
TOP OF THE 4TH |
Atlanta Braves batting - Pitching for San Diego Padres : RHP Freddy Peralta
|
Batting: LHB Ji-man Choi
|
0-0: Called Strike 0-1: Foul Ball, location: 9LSF 0-2: Strikes out swinging
|
Batting: LHB Kevin Kiermaier
|
0-0: Ball 1-0: Foul Ball, location: 25F 1-1: Fly out, F8 (Flyball, 78D, EV 101.3 MPH)
|
Batting: SHB Tommy Edman
|
0-0: Ball 1-0: Ball 2-0: Swinging Strike 2-1: Foul Ball, location: 3F 2-2: Fly out, F9 (Flyball, 89M, EV 94.4 MPH)
|
Top of the 4th over - 0 runs, 0 hits, 0 errors, 0 left on base; Atlanta 3 - San Diego 4 |
BOTTOM OF THE 4TH |
San Diego Padres batting - Pitching for Atlanta Braves : LHP Sean Manaea
|
Batting: LHB Luis Arraez
|
0-0: Swinging Strike 0-1: Foul Ball, location: 2F 0-2: Ball 1-2: Ball 2-2: Strikes out swinging
|
Batting: RHB Anthony Rendon
|
0-0: Ball 1-0: Ball 2-0: Ball 3-0: Called Strike 3-1: Called Strike 3-2: Fly out, F9 (Flyball, 9LSF, EV 86.3 MPH)
|
Batting: RHB Stuart Fairchild
|
0-0: Swinging Strike 0-1: Foul Ball, location: 23F 0-2: SOLO HOME RUN (Flyball, 7LD, EV 94.4 MPH), Distance : 338 ft
|
Batting: RHB Harrison Bader
|
0-0: Foul Ball, location: 2F 0-1: Ball 1-1: Foul Ball, location: 5SF 1-2: Fly out, F9 (Flyball, 89S, EV 84.4 MPH)
|
Bottom of the 4th over - 1 run, 1 hit, 0 errors, 0 left on base; Atlanta 3 - San Diego 5 |
TOP OF THE 5TH |
Atlanta Braves batting - Pitching for San Diego Padres : RHP Freddy Peralta
|
Batting: SHB Bryan Reynolds
|
0-0: Bunt missed! 0-1: Foul Ball, location: 3F 0-2: Strikes out swinging
|
Batting: LHB Corey Seager
|
0-0: Called Strike 0-1: Ball 1-1: Called Strike 1-2: Fly out, F7 (Line Drive, 7S, EV 95.0 MPH)
|
Batting: RHB Tyler O'Neill
|
0-0: Fly out, F9 (Flyball, 9, EV 91.9 MPH)
|
Top of the 5th over - 0 runs, 0 hits, 0 errors, 0 left on base; Atlanta 3 - San Diego 5 |
BOTTOM OF THE 5TH |
San Diego Padres batting - Pitching for Atlanta Braves : LHP Sean Manaea
|
Batting: LHB Matt Carpenter
|
0-0: Ball 1-0: Ball 2-0: Ball 3-0: Called Strike 3-1: Base on Balls
|
Batting: RHB Santiago Espinal
|
0-0: Bunted foul 0-1: Bunt missed! 0-2: Grounds into double play, 6-4-3 (Groundball, 6, EV 91.3 MPH)
|
Batting: SHB Tyler Heineman
|
0-0: Called Strike 0-1: Foul Ball, location: 23F 0-2: Ball 1-2: Ball 2-2: Ball 3-2: Base on Balls
|
Batting: LHB Kolten Wong
|
0-0: Called Strike 0-1: Ball Tyler Heineman is caught stealing 2nd base 2-6
|
Bottom of the 5th over - 0 runs, 0 hits, 0 errors, 0 left on base; Atlanta 3 - San Diego 5 |
TOP OF THE 6TH |
Atlanta Braves batting - Pitching for San Diego Padres : RHP Freddy Peralta
|
Batting: RHB Danny Jansen
|
0-0: Ball 1-0: Fly out, F9 (Flyball, 9LS, EV 78.1 MPH)
|
Pitching: LHP Tanner Scott
|
|
Batting: SHB Jeimer Candelario
|
0-0: Ball 1-0: Called Strike 1-1: Ball 2-1: Swinging Strike 2-2: Ground out 6-3 (Groundball, 6, EV 83.1 MPH)
|
Batting: RHB Austin Nola
|
0-0: Ball 1-0: Foul Ball, location: 5F 1-1: Ball 2-1: Foul Ball, location: 9LMF 2-2: DOUBLE (Line Drive, 78XD, EV 103.8 MPH)
|
Batting: LHB Ji-man Choi
|
0-0: Called Strike 0-1: Foul Ball, location: 3F 0-2: Foul Ball, location: 2F 0-2: Strikes out swinging
|
Top of the 6th over - 0 runs, 1 hit, 0 errors, 1 left on base; Atlanta 3 - San Diego 5 |
BOTTOM OF THE 6TH |
San Diego Padres batting - Pitching for Atlanta Braves : LHP Sean Manaea
|
Pitching: LHP Ryan Borucki
|
|
Batting: LHB Kolten Wong
|
0-0: Swinging Strike 0-1: Foul Ball, location: 9LMF 0-2: Ball 1-2: Strikes out swinging, 2-3 out at first.
|
Batting: RHB Nico Hoerner
|
0-0: Ball 1-0: Called Strike 1-1: Called Strike 1-2: Ground out 5-3 (Groundball, 56S, EV 85.0 MPH)
|
Batting: LHB Luis Arraez
|
0-0: Ball 1-0: Ball 2-0: Swinging Strike 2-1: SINGLE (Flyball, 78S, EV 90.0 MPH)
|
Batting: RHB Anthony Rendon
|
0-0: Ball 1-0: Ball 2-0: Swinging Strike 2-1: Swinging Strike 2-2: Foul Ball, location: 25F 2-2: Strikes out swinging
|
Bottom of the 6th over - 0 runs, 1 hit, 0 errors, 1 left on base; Atlanta 3 - San Diego 5 |
TOP OF THE 7TH |
Atlanta Braves batting - Pitching for San Diego Padres : LHP Tanner Scott
|
Pinch Hitting: RHB Frank Schwindel
|
0-0: Ball 1-0: Foul Ball, location: 9LSF 1-1: Ball 2-1: Fly out, F8 (Flyball, 8LM, EV 89.4 MPH)
|
Batting: SHB Tommy Edman
|
0-0: Ball 1-0: Foul Ball, location: 9LDF 1-1: Foul Ball, location: 7LSF 1-2: Strikes out swinging
|
Batting: SHB Bryan Reynolds
|
0-0: Ball 1-0: Called Strike 1-1: Ball 2-1: Swinging Strike 2-2: Ball 3-2: Foul Ball, location: 3DF 3-2: Foul Ball, location: 9LDF 3-2: Strikes out swinging
|
Top of the 7th over - 0 runs, 0 hits, 0 errors, 0 left on base; Atlanta 3 - San Diego 5 |
BOTTOM OF THE 7TH |
San Diego Padres batting - Pitching for Atlanta Braves : LHP Ryan Borucki
|
Now in CF: Andrew Velazquez
|
|
Batting: RHB Stuart Fairchild
|
0-0: Ball 1-0: Foul Ball, location: 3F 1-1: Foul Ball, location: 25F 1-2: Ball 2-2: Strikes out swinging
|
Batting: RHB Harrison Bader
|
0-0: Called Strike 0-1: Ground out 4-3 (Groundball, 4, EV 84.4 MPH)
|
Pitching: LHP Danny Duffy
|
|
Batting: LHB Matt Carpenter
|
0-0: Called Strike 0-1: Fly out, F7 (Line Drive, 7, EV 95.6 MPH)
|
Bottom of the 7th over - 0 runs, 0 hits, 0 errors, 0 left on base; Atlanta 3 - San Diego 5 |
TOP OF THE 8TH |
Atlanta Braves batting - Pitching for San Diego Padres : LHP Tanner Scott
|
Pitching: RHP Pete Fairbanks
|
|
Now in LF: Stuart Fairchild
|
|
Now in RF: Luis Barrera
|
|
Batting: LHB Corey Seager
|
0-0: Ball 1-0: Ball 2-0: Called Strike 2-1: Foul Ball, location: 2F 2-2: Ball 3-2: Strikes out looking
|
Pinch Hitting: LHB Austin Meadows
|
0-0: Called Strike 0-1: Fly out, F4 (Popup, 3S, EV 85.0 MPH)
|
Batting: RHB Danny Jansen
|
0-0: Ball 1-0: Ball 2-0: Ball 3-0: Called Strike 3-1: Foul Ball, location: 2F 3-2: Foul Ball, location: 2RF 3-2: Strikes out swinging
|
Top of the 8th over - 0 runs, 0 hits, 0 errors, 0 left on base; Atlanta 3 - San Diego 5 |
BOTTOM OF THE 8TH |
San Diego Padres batting - Pitching for Atlanta Braves : LHP Danny Duffy
|
Now in RF: Austin Meadows
|
|
Batting: RHB Santiago Espinal
|
0-0: Ball 1-0: Called Strike 1-1: Ball 2-1: Foul Ball, location: 5SF 2-2: Strikes out looking
|
Batting: SHB Tyler Heineman
|
0-0: Called Strike 0-1: Ball 1-1: Called Strike 1-2: Foul Ball, location: 9LDF 1-2: Strikes out swinging
|
Batting: LHB Kolten Wong
|
0-0: Ball 1-0: Called Strike 1-1: Foul Ball, location: 2F 1-2: Foul Ball, location: 5F 1-2: Ball 2-2: Foul Ball, location: 3F 2-2: Strikes out looking
|
Bottom of the 8th over - 0 runs, 0 hits, 0 errors, 0 left on base; Atlanta 3 - San Diego 5 |
TOP OF THE 9TH |
Atlanta Braves batting - Pitching for San Diego Padres : RHP Pete Fairbanks
|
Pitching: LHP Matt Strahm
|
|
Batting: SHB Jeimer Candelario
|
0-0: Called Strike 0-1: Ball 1-1: Foul Ball, location: 5F 1-2: Foul Ball, location: 2F 1-2: Ball 2-2: Ground out 1-3 (Groundball, 34S, EV 73.8 MPH)
|
Batting: RHB Austin Nola
|
0-0: Foul Ball, location: 2RF 0-1: Ball 1-1: Foul Ball, location: 2RF 1-2: Strikes out swinging
|
Batting: RHB Willians Astudillo
|
0-0: Ball 1-0: Ball 2-0: Called Strike 2-1: Foul Ball, location: 23F 2-2: Ball 3-2: Foul Ball, location: 2F 3-2: Strikes out swinging, 2-3 out at first.
|
Top of the 9th over - 0 runs, 0 hits, 0 errors, 0 left on base; Atlanta 3 - San Diego 5 |
|